 Dungeon Crawl Stone Soup version 0.30-a0-465-g8901f6c8b5 (webtiles) character file.

Game seed: 14704283128010905725

3553 avis the Chiller (level 9, -1/75 HPs)
             Began as a Demigod Ice Elementalist on Dec 16, 2022.
             Killed from afar by a steam dragon (12 damage)
             ... with a ball of steam
             ... on level 7 of the Dungeon on Dec 17, 2022.
             The game lasted 01:22:13 (9664 turns).

avis the Chiller (Demigod Ice Elementalist)         Turns: 9664, Time: 01:22:14

Health: -1/75      AC:  7    Str:  9    XL:     9   Next: 53%
Magic:  19/21      EV: 17    Int: 17    God:
Gold:   498        SH:  0    Dex: 26    Spells: 10/20 levels left

rFire   x . .      SeeInvis .    b - +0 shortbow
rCold   . . .      Faith    .    (shield currently unavailable)
rNeg    . . .      Spirit   .    j - +2 robe {Archmagi}
rPois   .          Reflect  .    (no helmet)
rElec   .          Harm     .    E - +0 cloak
rCorr   +          Rampage  .    M - +0 pair of gloves
Will    .....      Archmagi +    v - +0 pair of boots
Stlth   +++.......               h - amulet of the acrobat
HPRegen 0.32/turn                c - +4 ring of evasion
MPRegen 0.17/turn                e - ring of resist corrosion

@: no status effects
A: high MP 1, forlorn, divine attributes, heat vulnerability 1, subdued magic 1
a: no special abilities


You were on level 7 of the Dungeon.
You visited 2 branches of the dungeon, and saw 8 of its levels.
You also visited: Ossuary and Bailey.

You collected 498 gold pieces.

Inventory:

Hand Weapons
 a - the +6 spear "Vaongusa" {spect, Int+3 Dex+2}
   (You found it on level 6 of the Dungeon)

   When its wielder attacks, the weapon's spirit leaps out and strikes again.
   The spirit shares a part of any damage it takes with its wielder.
   Int:       It affects your intelligence (+3).
   Dex:       It affects your dexterity (+2).
 b - a +0 shortbow (weapon)
 f - a +1 hand axe of electrocution
 n - a +1 hand axe of electrocution
 w - a +2 dagger of flaming
 G - a +1 short sword of draining
 I - a +0 spear of flaming
 J - a +1 whip of freezing
 O - a +2 trident of venom
Missiles
 A - 6 boomerangs
 R - 4 javelins
Armour
 j - a +2 robe of the Archmagi (worn)
 v - a +0 pair of boots (worn)
 C - a +2 robe of positive energy
 E - a +0 cloak (worn)
 L - the +4 ring mail of the Wary Brambles {Harm rElec}
   (You found it on level 6 of the Dungeon)

   rElec:     It insulates you from electricity.
   Harm:      It increases damage dealt and taken.
 M - a +0 pair of gloves (worn)
 N - the +1 crystal plate armour of the Ferocious Dragon {rF- Regen+ Int+4 Stlth+}
   (You found it in a bailey)

   Int:       It affects your intelligence (+4).
   rF:        It makes you vulnerable to fire.
   Regen:     It increases your rate of health regeneration.
   Stlth:     It makes you more stealthy.
 P - the +7 kite shield "Cehi" {rN+ Will+ Int+3}
   (You found it in a bailey)

   Int:       It affects your intelligence (+3).
   rN:        It protects you from negative energy.
   Will:      It increases your willpower.
 Q - a +4 ring mail
Jewellery
 c - a +4 ring of evasion (left hand)
 e - a ring of resist corrosion (right hand)
 h - an amulet of the acrobat (around neck)
 H - a ring of resist corrosion
Wands
 q - a wand of flame (16)
 u - a wand of paralysis (17)
Scrolls
 d - 10 scrolls of identify {unknown}
 g - 4 scrolls of teleportation {unknown}
 i - 2 scrolls of vulnerability {unknown}
 k - 2 scrolls of enchant armour {unknown}
 t - 4 scrolls of fear {unknown}
 x - 3 scrolls of amnesia {unknown}
 y - a scroll of fog {unknown}
 F - a scroll of enchant weapon {unknown}
 K - a scroll of poison {unknown}
 S - a scroll of torment {unknown}
Potions
 l - a potion of magic
 m - a potion of flight
 o - a potion of lignification {unknown}
 r - 2 potions of berserk rage {unknown}
 s - 2 potions of might {unknown}
 z - a potion of haste
 B - a potion of degeneration {unknown}
 D - 2 potions of invisibility {unknown}


   Skills:
 - Level 6.0 Fighting
 * Level 5.2 Ranged Weapons
 - Level 2.0 Armour
 - Level 2.0 Dodging
 - Level 2.0 Stealth
 - Level 6.0 Spellcasting
 - Level 3.0 Conjurations
 - Level 6.0 Ice Magic
 - Level 3.0 Air Magic
 - Level 3.0 Poison Magic


You had 10 spell levels left.
You knew the following spells:

 Your Spells              Type           Power      Damage    Failure   Level
a - Freeze                Ice            100%       1d10      1%          1
m - Mephitic Cloud        Conj/Pois/Air  17%        N/A       9%          3
o - Ozocubu's Armour      Ice            29%        N/A       2%          3
r - Frozen Ramparts       Ice            58%        1d9       2%          3

Your spell library contained the following spells:

 Spells                   Type           Power      Damage    Failure   Level
 Magic Dart               Conj           68%        1d6       2%          1
 Cigotuvi's Dreadful Rot  Necr/Pois/Air  26%        N/A       7%          2
 Necrotise                Necr           20%        1d5       11%         1
 Blink                    Tloc           10%        N/A       16%         2
 Call Imp                 Summ           5%         N/A       16%         2
 Scorch                   Fire           10%        2d5       16%         2
 Vampiric Draining        Necr           5%         2d6       32%         3
 Summon Ice Beast         Ice/Summ       17%        N/A       32%         4
 Flame Wave               Conj/Fire      11%        2d6       52%         4
 Dispel Undead            Necr           5%         3d7       73%         4
 Manifold Assault         Tloc           5%         N/A       73%         4
 Agony                    Necr           5%         N/A       97%         5
 Death Channel            Necr           2%         N/A       100%        6
 Summon Cactus Giant      Summ           2%         N/A       100%        6
 Storm Form               Tmut/Air       5%         N/A       100%        7


Dungeon Overview and Level Annotations

Branches:
Dungeon (7/15)             Temple (1/1) D:4         Ossuary (visited)
 Bailey (visited)

Shops:
D:3 :


Innate Abilities, Weirdness & Mutations

You have an increased reservoir of magic. (+10% MP)
You shall have no god before yourself.
Your divine heritage dramatically boosts your attributes as you level up.
You are vulnerable to heat. (rF-)
Your spells are a little easier to cast, but a little less powerful.


Message History

You shoot an arrow.
Fire: b) +0 shortbow
Press: ? - help, Q - select action, (/) - cycle Shift-Dir - straight line, f - steam dragon
Aim: a steam dragon (heavily wounded, 70% to hit)
You shoot an arrow.
The arrow hits the steam dragon but does no damage.
The steam dragon is heavily wounded.
You are engulfed in a cloud of scalding steam.
The heat melts your icy armour.
Fire: b) +0 shortbow
Press: ? - help, Q - select action, (/) - cycle Shift-Dir - straight line, f/p - steam dragon
Aim: a steam dragon (heavily wounded, 70% to hit)
You shoot an arrow.
The arrow closely misses the steam dragon.
The steam dragon breathes steam at you. The ball of steam hits you!!
The steam scalds you terribly! The heat melts your icy armour.
Fire: b) +0 shortbow
Press: ? - help, Q - select action, (/) - cycle Shift-Dir - straight line, f/p - steam dragon
Aim: a steam dragon (steam, heavily wounded, 70% to hit)
You shoot an arrow. The arrow hits the steam dragon!
The steam dragon is almost dead.
You are engulfed in a cloud of scalding steam.
The steam dragon breathes steam at you. The ball of steam hits you!!
Your icy armour melts away.
The steam scalds you terribly!
* * * LOW HITPOINT WARNING * * *
The heat melts your icy armour.
Fire: b) +0 shortbow
Press: ? - help, Q - select action, (/) - cycle Shift-Dir - straight line You shoot an arrow.
You are engulfed in a cloud of scalding steam.
* * * LOW HITPOINT WARNING * * *
You feel better.
You are engulfed in a cloud of scalding steam.
* * * LOW HITPOINT WARNING * * *
The steam dragon breathes steam at you. The ball of steam hits you!
The steam scalds you terribly!
You die...

....#..........#...#
.(..#...#......#####
........†.##.###
....#..##..#..# . #
#...##†..##
####........##
#.............#
..#...§§.§......#
.....§D@..§....##
......§§§.§....#
..........§..###
..............#
..............#
..............#
.....#........#
...#.#....##.># ..#
...#.# .##


You could see a steam dragon (catching breath).

Vanquished Creatures
  Pikel (D:6)
  Prince Ribbit (D:5)
  Sigmund (D:5)
  Eustachio (D:4)
  An ice beast (D:7)
  9 orc warriors
  A sky beast (D:7)
  2 ogres
  A centaur (D:6)
  A phantom (D:5)
  A lemure (D:6)
  4 scorpions
  6 howler monkeys
  A crimson imp (D:3)
  3 hounds
  An orc priest (D:4)
  2 gnoll boudas
  2 jellies
  Jessica (D:2)
  2 iguanas
  4 orc wizards
  A mummy (Ossuary)
  10 gnolls
  8 adders
  2 white imps
  2 ufetubi
  3 worms
  5 dart slugs
  31 orcs
  2 spectral bats (Ossuary)
  6 bats
  5 endoplasms
  2 giant cockroaches
  12 goblins
  8 hobgoblins
  3 jackals (D:2)
  3 quokkas
  8 ball pythons
  4 bat simulacra (Ossuary)
  4 frilled lizards
  12 gnoll zombies (Ossuary)
  A goblin simulacrum (Ossuary)
  3 goblin zombies (Ossuary)
  3 hobgoblin zombies (Ossuary)
  8 kobolds
  6 kobold simulacra (Ossuary)
  6 kobold zombies (Ossuary)
  6 orc zombies (Ossuary)
  13 rats
  3 rat simulacra (Ossuary)
  2 spectral goblins (Ossuary)
  6 spectral kobolds (Ossuary)
  2 spectral rats (Ossuary)
236 creatures vanquished.

Notes
Turn   | Place    | Note
-------+----------+-------------------------------------------
     0 | D:1      | avis the Demigod Ice Elementalist began the quest for the
                  | Orb.
     0 | D:1      | Reached XP level 1. HP: 14/14 MP: 5/5
   284 | D:1      | Reached XP level 2. HP: 20/20 MP: 7/7
   984 | D:1      | Reached XP level 3. HP: 26/26 MP: 7/9
  1005 | D:1      | Learned a level 3 spell: Frozen Ramparts
  1009 | D:1      | Learned a level 3 spell: Ozocubu's Armour
  1157 | D:2      | You fall into a shaft and drop 1 floor!
  1596 | D:2      | Noticed Jessica
  1630 | D:2      | Killed Jessica
  1631 | D:2      | Reached XP level 4. HP: 23/33 MP: 3/10
  1822 | D:2      | Reached skill level 5 in Ice Magic
  2716 | D:3      | Reached skill level 1 in Fighting
  2717 | D:3      | Reached XP level 5. HP: 40/40 MP: 5/12
  2959 | D:3      | Found Ocefiyp's Book Boutique.
  4051 | D:4      | Found a staircase to the Ecumenical Temple.
  4160 | D:4      | Reached XP level 6. HP: 46/48 MP: 3/15
  4245 | D:4      | Learned a level 3 spell: Mephitic Cloud
  5299 | Temple   | Entered the Ecumenical Temple
  5403 | D:5      | Entered Level 5 of the Dungeon
  5403 | D:5      | Noticed Prince Ribbit
  5547 | D:5      | Killed Prince Ribbit
  5548 | D:5      | Reached skill level 1 in Poison Magic
  5573 | D:5      | Reached XP level 7. HP: 49/55 MP: 5/16
  5579 | D:5      | Found a sand-covered staircase.
  5584 | Ossuary  | Entered an ossuary
  5699 | Ossuary  | Reached skill level 1 in Air Magic
  6169 | D:5      | Reached skill level 1 in Conjurations
  6778 | D:5      | Noticed Sigmund
  6805 | D:5      | Noticed Eustachio
  6876 | D:5      | Killed Sigmund
  6952 | D:4      | Killed Eustachio
  6953 | D:4      | Reached skill level 5 in Spellcasting
  7286 | D:5      | Reached XP level 8. HP: 62/66 MP: 13/19
  7341 | D:6      | Identified the +6 spear "Vaongusa" {spect, Int+3 Dex+2}
  7650 | D:6      | Noticed Pikel
  7655 | D:6      | Paralysed by Pikel for 2 turns
  7667 | D:6      | Paralysed by Pikel for 2 turns
  7669 | D:6      | Killed Pikel
  7670 | D:6      | Reached skill level 5 in Fighting
  7670 | D:6      | Reached skill level 1 in Armour
  7725 | D:6      | Upgraded the game from 0.30-a0-462-gd5975efbca to
                  | 0.30-a0-465-g8901f6c8b5
  7852 | D:6      | Identified the +4 ring mail of the Wary Brambles {Harm
                  | rElec}
  8454 | D:7      | Found a flagged portal.
  8468 | D:7      | Reached XP level 9. HP: 57/75 MP: 19/21
  8472 | D:7      | Reached skill level 1 in Ranged Weapons
  8481 | Bailey   | Entered a bailey
  9203 | Bailey   | Identified the +1 crystal plate armour of the Ferocious
                  | Dragon {rF- Regen+ Int+4 Stlth+}
  9207 | Bailey   | Identified the +7 kite shield "Cehi" {rN+ Will+ Int+3}
  9478 | D:7      | Gained mutation: You are frail. (-10% HP) [potion of
                  | mutation]
  9478 | D:7      | Gained mutation: You are strong-willed. (Will+) [potion of
                  | mutation]
  9478 | D:7      | Gained mutation: You are weak. (Str -2) [potion of
                  | mutation]
  9512 | D:7      | Lost mutation: You are weak. (Str -2) [potion of mutation]
  9512 | D:7      | Lost mutation: You are frail. (-10% HP) [potion of
                  | mutation]
  9512 | D:7      | Gained mutation: Your spells are a little easier to cast,
                  | but a little less powerful. [potion of mutation]
  9512 | D:7      | Gained mutation: You are frail. (-10% HP) [potion of
                  | mutation]
  9513 | D:7      | Lost mutation: You are strong-willed. (Will+) [potion of
                  | mutation]
  9513 | D:7      | Lost mutation: You are frail. (-10% HP) [potion of
                  | mutation]
  9513 | D:7      | Gained mutation: You are vulnerable to heat. (rF-) [potion
                  | of mutation]
  9628 | D:7      | Reached skill level 5 in Ranged Weapons
  9664 | D:7      | Killed from afar by a steam dragon

Illustrated notes

Levels and vault maps discovered:
D:1:      roderic_crossed_star, layout_loops_ring, minmay_rat_gold_closets
D:2:      layout_loops_ring, basic_altar,
          chequers_ecumenical_altar_simple_redux, minmay_indecisive_spiral,
          uniq_jessica
D:3:      layout_basic, grunt_temple_overflow_lords_of_destruction,
          kiku_gazebo_pond_becter, grunt_dithmenos_smoke_and_mirrors,
          serial_shops, nicolae_shop_behind_doors
D:4:      layout_basic, minmay_temple_entry_proselytizer,
          grunt_decor_one_mirror, kennysheep_minor_cross
D:5:      layout_rooms, mainiacjoe_overflow_alcove_2, enter_ossuary_5,
          uniq_eustachio, uniq_sigmund, uniq_prince_ribbit1
D:6:      layout_rooms, grunt_temple_overflow_gold_and_silver, uniq_pikel
D:7:      layout_cave_pools, enter_bailey_5
Temple:   nicolae_temple_ecumenical_triangle

Skill      XL: |  1  2  3  4  5  6  7  8  9 |
---------------+----------------------------+-----
Ice Magic      | 4 5 6 |  6.0
Spellcasting   | 2 3 4 5 6 |  6.0
Fighting       | 1 2 3 6 |  6.0
Poison Magic   | 2 3 |  3.0
Air Magic      | 2 3 |  3.0
Conjurations   | 2 3 |  3.0
Dodging        | 2 |  2.0
Stealth        | 2 |  2.0
Armour         | 2 |  2.0
Ranged Weapons | 5 |  5.2

Action                   |  1- 3 |  4- 6 |  7- 9 || total
-------------------------+-------+-------+-------++-------
Melee: Whip              |    13 |    29 |       ||    42
       Spear             |     2 |    13 |    50 ||    65
       Short sword       |       |    30 |       ||    30
       Dagger            |       |    11 |   180 ||   191
       Punch             |       |       |     5 ||     5
 Fire: Shortbow          |       |       |   108 ||   108
 Cast: Freeze            |    44 |     5 |       ||    49
       Frozen Ramparts   |     4 |    37 |    48 ||    89
       Ozocubu's Armour  |     3 |    13 |    44 ||    60
       Mephitic Cloud    |       |       |    13 ||    13
  Use: Potion            |       |       |     6 ||     6
 Stab: Sleeping          |    10 |     2 |     9 ||    21
       Distracted        |       |     1 |       ||     1
       Confused          |       |       |     3 ||     3
Armor: Robe              |     3 |    15 |    66 ||    84
Dodge: Dodged            |    25 |    51 |   219 ||   295

Table legend: (Time is in decaauts)
 A = Elapsed time spent in this place.
 B = Non-inter-level travel time spent in this place.
 C = Inter-level travel time spent in this place.
 D = Time resting spent in this place.
 E = Time spent auto-exploring this place.
 F = Levels seen in this place.
 G = Mean time per level.
                   A        B        C        D        E       F      G
               +--------+--------+--------+--------+--------+-----+--------+
         Total |   9715 |   8877 |    838 |   3419 |   2622 |  10 |  971.5 |
       Dungeon |   8272 |   7434 |    838 |   2938 |   2577 |   7 | 1181.7 |
        Temple |      3 |      3 |      0 |      0 |      0 |   1 |    3.0 |
       Ossuary |    530 |    530 |      0 |     47 |      0 |   1 |  530.0 |
        Bailey |    907 |    907 |      0 |    434 |     45 |   1 |  907.0 |
               +--------+--------+--------+--------+--------+-----+--------+

Top non-repeatable levels by time:
     D:4: 1920 daAuts
     D:3: 1447 daAuts
     D:5: 1313 daAuts
     D:2: 1183 daAuts
     D:1: 1111 daAuts
     D:6: 939 daAuts
  Bailey: 907 daAuts
 Ossuary: 530 daAuts
     D:7: 357 daAuts
  Temple: 3 daAuts
